 Dungeon Crawl Stone Soup version 0.30-b1-2-g02819fbbbe (webtiles) character file.

Game seed: 1825367911664462924

12590 snakesoul the Zephyrmancer (level 11, -4/63 HPs)
             Began as a Tengu Air Elementalist on June 12, 2023.
             Was a Follower of Sif Muna.
             Slain by a skyshark (7 damage)
             ... on level 2 of the Lair of Beasts.
             The game lasted 00:34:29 (18207 turns).

snakesoul the Zephyrmancer (TeAE)                  Turns: 18207, Time: 00:34:31

Health: -4/63      AC: 12    Str:  9    XL:     11   Next: 95%
Magic:  8/23       EV: 11    Int: 29    God:    Sif Muna [*.....]
Gold:   291        SH:  9    Dex: 14    Spells: 13/25 levels left

rFire   + . .        Q - +4 spear (vamp)
rCold   . . .        n - +0 kite shield
rNeg    . . .        u - +2 ring mail "Hiotegg" {rF+ Will+ Int+3}
rPois   +            (helmet restricted)
rElec   .            x - +2 cloak
rCorr   .            E - +1 pair of gloves
SInv    .            (boots unavailable)
Will    +....        (no amulet)
Stlth   +            P - +6 ring of intelligence
HPRegen 0.30/turn    T - ring of poison resistance
MPRegen 0.18/turn

%: no passive effects
@: flying quickly and evasively, quick
A: beak, talons 3, nimble flight
a: Renounce Religion, Channel Magic


You were on level 2 of the Lair of Beasts.
You worshipped Sif Muna.
Sif Muna was aware of your devotion.
You visited 3 branches of the dungeon, and saw 15 of its levels.

You collected 651 gold pieces.
You spent 360 gold pieces at shops.

Inventory:

Hand Weapons
 O - a +5 war axe
 Q - a +4 vampiric spear (weapon)
Missiles
 L - 3 throwing nets
Armour
 a - a +0 robe
 n - a +0 kite shield (worn)
 u - the +2 ring mail "Hiotegg" (worn) {rF+ Will+ Int+3}
   (You found it on level 4 of the Dungeon)

   Int:       It affects your intelligence (+3).
   rF:        It protects you from fire.
   Will:      It increases your willpower.
 x - a +2 cloak (worn)
 E - a +1 pair of gloves (worn)
Jewellery
 e - a ring of willpower
 l - a ring of ice
 A - a +5 ring of evasion
 P - a +6 ring of intelligence (left hand)
 T - a ring of poison resistance (right hand)
 W - a ring of resist corrosion
Wands
 I - a wand of paralysis (1)
 S - a wand of flame (20)
 V - a wand of light (3)
Scrolls
 d - 2 scrolls of poison {unknown}
 f - 4 scrolls of magic mapping {unknown}
 g - a scroll of enchant armour {unknown}
 i - a scroll of butterflies {unknown}
 j - a scroll of acquirement {unknown}
 k - 2 scrolls of brand weapon {unknown}
 s - 2 scrolls of enchant weapon {unknown}
 t - 4 scrolls of amnesia {unknown}
 v - 5 scrolls of immolation {unknown}
 w - 4 scrolls of teleportation
 y - 4 scrolls of noise {unknown}
 J - a scroll of blinking
 K - 2 scrolls of fog {unknown}
 N - 2 scrolls of torment {unknown}
 R - 2 scrolls of identify
Potions
 b - a potion of magic
 c - a potion of haste
 h - 5 potions of curing
 m - 5 potions of invisibility
 o - 2 potions of resistance
 p - a potion of berserk rage {unknown}
 q - 3 potions of brilliance
 r - a potion of ambrosia
 z - a potion of attraction
 B - 3 potions of heal wounds
 C - a potion of flight {unknown}
 D - 2 potions of might {unknown}
 G - a potion of lignification {unknown}
 M - 4 potions of mutation {unknown}
 U - a potion of degeneration {unknown}


   Skills:
 + Level 5.1 Fighting
 + Level 6.1 Dodging
 - Level 2.0 Stealth
 + Level 4.5 Shields
 + Level 7.7 Spellcasting
 - Level 11.7 Conjurations
 * Level 4.1 Translocations
 + Level 13.7 Air Magic


You had 13 spell levels left.
You knew the following spells:

 Your Spells              Type           Power      Damage    Failure   Level
a - Shock                 Conj/Air       100%       1d9       1%          1
b - Static Discharge      Conj/Air       100%       2-7/arc   1%          2
c - Swiftness             Air            74%        N/A       1%          3
d - Airstrike             Air            37%        2d(6-22)  2%          4
e - Blink                 Tloc           70%        N/A       17%         2

Your spell library contained the following spells:

 Spells                   Type           Power      Damage    Failure   Level
 Momentum Strike          Conj/Tloc      100%       3d10      3%          2
 Lesser Beckoning         Tloc           70%        N/A       17%         2
 Hailstorm                Conj/Ice       45%        3d10      17%         3
 Summon Small Mammal      Summ           44%        N/A       54%         1
 Call Canine Familiar     Summ           11%        N/A       88%         3
 Frozen Ramparts          Ice            22%        1d4       88%         3
 Summon Guardian Golem    Hex/Summ       11%        N/A       88%         3
 Ice Form                 Ice/Tmut       11%        N/A       99%         4
 Summon Ice Beast         Ice/Summ       11%        N/A       99%         4
 Blade Hands              Tmut           5%         N/A       100%        5
 Yara's Violent Unravell  Hex/Tmut       5%         3d4       100%        5
 Simulacrum               Ice/Necr       5%         N/A       100%        6
 Dragon Form              Tmut           5%         N/A       100%        7


Dungeon Overview and Level Annotations

Branches:
Dungeon (12/15)            Temple (1/1) D:4            Lair (2/5) D:10
  Swamp: Lair:2-3    Shoals: Lair:2-3     Snake: Lair:2-3    Spider: Lair:2-3
    Orc: D:9-12

Altars:
Ashenzari
Cheibriados
Dithmenos
Elyvilon
Fedhas
Gozag
Hepliaklqana
Kikubaaqudgha
Makhleb
Nemelex Xobeh
Okawaru
Qazlal
Ru
Sif Muna
Trog
Uskayaw
Vehumet
Wu Jian
Xom
Yredelemnul
Zin
The Shining One

Shops:
D:5 [(   D:8 ?

Annotations:
Lair:1 exclusion: oklob plant


Innate Abilities, Weirdness & Mutations

You have a beak for a mouth.
You have claws for feet.
Your magical nature lets you fly swiftly and evasively.


Message History

The skyshark bites you but does no damage.
The skyshark barely misses you. You block the skyshark's attack.
Unknown command.
Casting: Static Discharge (safe; 1% risk of failure)
Confirm with . or Enter, or press ? or * to list all spells.
The skyshark is struck by an arc of lightning.
The skyshark is severely wounded.
You are struck by an arc of lightning.
The lightning grounds out.
You block the skyshark's attack.
The skyshark tail-slaps you but does no damage.
You block the skyshark's attack. The skyshark bites you!
The skyshark tastes blood and grows stronger!
The skyshark tail-slaps you but does no damage.
The skyshark tail-slaps you.
Unknown command.
Casting: Static Discharge (safe; 1% risk of failure)
Confirm with . or Enter, or press ? or * to list all spells.
The skyshark is struck by an arc of lightning!
The skyshark is severely wounded.
You are struck by an arc of lightning.
The skyshark is struck by an arc of lightning!
The skyshark is almost dead.
You are struck by an arc of lightning.
The lightning grounds out.
The skyshark bites you!!
* * * LOW HITPOINT WARNING * * *
The skyshark enters a blood-rage!
The skyshark barely misses you. The skyshark tail-slaps you.
* * * LOW HITPOINT WARNING * * *
Unknown command.
Casting: Static Discharge (safe; 1% risk of failure)
Confirm with . or Enter, or press ? or * to list all spells.
Aiming: Airstrike (dangerous; 2% risk of failure)
Press: ? - help, Dir - move target, f - skyshark
Aim: a skyshark (almost dead, berserk, empty space bonus: 7/8)
The air twists around and strikes the skyshark.
The skyshark is almost dead.
The skyshark bites you but does no damage.
You block the skyshark's attack. The skyshark tail-slaps you!
You die...

..... ..#.#
##.#.. ###
.....
###.##...#
##.8..#..# 8.
##........#....
#.8.<.l.......>
##....@...#....
#..8.##...# .
###### #..#
.... #..#. ..#
. ...


You could see a skyshark (berserk).

Vanquished Creatures
  2 manticores
  An elephant (Lair:1)
  A gargoyle (D:11)
  2 cane toads (Lair:1)
  2 komodo dragons
  A rime drake (Lair:1)
  2 trolls
  A hornet (D:5)
  3 blink frogs (Lair:1)
  3 shadows
  A wraith (D:10)
  10 yaks
  2 wyverns (D:8)
  2 vampires
  2 steam dragons
  5 water moccasins
  A black bear (D:4)
  4 orc warriors
  An ogre (D:5)
  13 wolves
  9 centaurs
  A phantom (D:5)
  3 kobold brigands
  Blork the orc (Temple)
  2 gnoll sergeants
  7 bullfrogs
  2 scorpions (D:4)
  9 wights
  2 howler monkeys
  A gnoll bouda (D:7)
  6 hounds
  9 orc priests
  3 jellies
  4 iguanas
  A sleepcap (D:4)
  6 orc wizards
  Robin (D:4)
  10 adders
  18 gnolls
  4 river rats (D:5)
  2 shadow imps (D:5)
  3 white imps
  3 worms (D:5)
  5 dart slugs
  35 orcs
  6 ball pythons
  2 endoplasms
  4 giant cockroaches
  21 goblins
  8 hobgoblins
  6 jackals
  4 quokkas
  3 bats
  4 frilled lizards
  7 kobolds
  8 rats
279 creatures vanquished.

Vanquished Creatures (others)
  5 fungi
  7 plants
12 creatures vanquished.

Grand Total: 291 creatures vanquished

Notes
Turn   | Place    | Note
-------+----------+-------------------------------------------
     0 | D:1      | snakesoul the Tengu Air Elementalist began the quest for
                  | the Orb.
     0 | D:1      | Reached XP level 1. HP: 10/10 MP: 4/4
   202 | D:1      | Reached XP level 2. HP: 15/15 MP: 1/6
   205 | D:1      | Learned a level 2 spell: Static Discharge
   935 | D:1      | Reached XP level 3. HP: 19/19 MP: 5/7
  1641 | D:2      | Reached skill level 5 in Air Magic
  1934 | D:2      | Reached XP level 4. HP: 24/24 MP: 5/8
  2231 | D:3      | Learned a level 3 spell: Swiftness
  2595 | D:3      | Found a faded altar of an unknown god.
  2619 | D:3      | Found a sacrificial altar of Ru.
  2954 | D:4      | Gained mutation: Your magical nature lets you fly swiftly
                  | and evasively. [Tengu growth]
  2954 | D:4      | Reached XP level 5. HP: 25/28 MP: 4/10
  3032 | D:4      | Noticed a black bear
  3041 | D:4      | Killed a black bear
  3042 | D:4      | Reached skill level 6 in Air Magic
  3129 | D:4      | Learned a level 4 spell: Airstrike
  3151 | D:4      | Noticed Robin
  3155 | D:4      | Killed Robin
  3156 | D:4      | Reached XP level 6. HP: 29/32 MP: 6/11
  3315 | D:4      | Reached skill level 5 in Conjurations
  3569 | D:4      | Identified the +2 ring mail "Hiotegg" {rF+ Will+ Int+3}
  3751 | D:4      | Found a white marble altar of Elyvilon.
  3836 | D:4      | Found a staircase to the Ecumenical Temple.
  3853 | D:4      | Reached skill level 7 in Air Magic
  3853 | D:4      | Reached XP level 7. HP: 31/36 MP: 1/13
  3960 | Temple   | Entered the Ecumenical Temple
  3993 | D:4      | Noticed Blork the orc
  4094 | Temple   | Killed Blork the orc
  4724 | D:5      | Entered Level 5 of the Dungeon
  4746 | D:5      | Reached skill level 8 in Air Magic
  4913 | D:5      | Found a bloodstained altar of Trog.
  4938 | D:5      | Reached XP level 8. HP: 41/41 MP: 6/15
  5066 | D:5      | Noticed a hornet
  5071 | D:5      | Paralysed by a hornet for 1 turns
  5072 | D:5      | Killed a hornet
  5224 | D:5      | Found Loban's Weapon Boutique.
  5387 | D:5      | Reached skill level 9 in Air Magic
  5636 | D:5      | Found a shimmering blue altar of Sif Muna.
  5736 | D:5      | Found Ynarch's Antique Armour Shop.
  5744 | D:5      | Bought a pair of glowing gloves for 210 gold pieces
  6589 | D:6      | Found a glowing golden altar of the Shining One.
  7120 | D:6      | Found a hazy altar of Hepliaklqana.
  7399 | D:7      | Reached skill level 10 in Air Magic
  7399 | D:7      | Reached XP level 9. HP: 42/45 MP: 7/17
  7570 | D:7      | Reached skill level 5 in Spellcasting
  7579 | D:7      | Found a snail-covered altar of Cheibriados.
  8131 | D:7      | Reached skill level 10 in Conjurations
  8206 | D:7      | Found an iron altar of Okawaru.
  8528 | D:7      | Reached skill level 11 in Air Magic
  8635 | D:7      | Found an ornate altar of the Wu Jian Council.
  9503 | D:8      | Found a stormy altar of Qazlal.
  9827 | D:8      | Reached skill level 12 in Air Magic
  9827 | D:8      | Reached XP level 10. HP: 27/50 MP: 10/19
 10017 | D:8      | Found Cuzyicvel's Magic Scroll Shoppe.
 10029 | D:8      | Bought a scroll of blinking for 90 gold pieces
 10029 | D:8      | Bought a scroll of identify for 24 gold pieces
 10029 | D:8      | Bought a scroll of teleportation for 36 gold pieces
 10116 | D:8      | Reached skill level 1 in Fighting
 11364 | D:9      | Found a hide-covered altar of Uskayaw.
 11689 | D:9      | Reached skill level 1 in Shields
 11891 | D:5      | Became a worshipper of Sif Muna the Loreminder
 12771 | D:9      | Found an opulent altar of Gozag.
 12893 | D:9      | Found a radiant altar of Vehumet.
 12952 | D:10     | Entered Level 10 of the Dungeon
 13374 | D:10     | Got Riomn's Book of Incorporation
 13395 | D:10     | Learned a level 2 spell: Blink
 13511 | D:10     | Reached XP level 11. HP: 42/60 MP: 17/22
 13596 | D:10     | Found a staircase to the Lair.
 13647 | D:10     | Reached skill level 1 in Translocations
 13647 | D:10     | Reached skill level 13 in Air Magic
 13707 | D:10     | Found a basalt altar of Yredelemnul.
 13707 | D:10     | Found a burning altar of Makhleb.
 13925 | D:10     | Found a broken altar of Ashenzari.
 14057 | D:11     | Noticed a manticore
 14063 | D:11     | Killed a manticore
 14064 | D:11     | Reached skill level 5 in Dodging
 15313 | D:12     | Noticed a manticore
 15430 | D:12     | Killed a manticore
 15432 | D:12     | Noticed a brown ugly thing
 15555 | Lair:1   | Entered Level 1 of the Lair of Beasts
 16181 | Lair:1   | Reached * piety under Sif Muna
 16735 | Lair:1   | Found a blossoming altar of Fedhas.
 16738 | Lair:1   | Noticed an oklob plant
 17563 | Lair:2   | Reached skill level 5 in Fighting
 18196 | Lair:2   | Noticed a skyshark
 18206 | Lair:2   | HP: 2/63 [skyshark (3)]
 18207 | Lair:2   | Slain by a skyshark

Illustrated notes

Levels and vault maps discovered:
D:1:      eino_arrival_tree_alley, layout_loops_ring
D:2:      layout_basic
D:3:      layout_rooms, nicolae_ru_sacrificial_ziggurat,
          dreamdust_ecumenical_altar_statues, hex_tiny, hangedman_decor_growths
D:4:      layout_gridville, lemuel_round_altar, minmay_temple_entry_trees,
          uniq_robin, uniq_blork_the_orc
D:5:      layout_cave_pods, amcnicky_altar_gilded, mainiacjoe_overflow_alcove_2,
          serial_shops, nicolae_shop_competitors_out_of_business, shop,
          lightli_sewer_entry_pipes
D:6:      layout_basic, nicolae_tso_carved_into_rock,
          mainiacjoe_overflow_alcove_4, kennysheep_cross_room
D:7:      minmay_skewed_foursquare, layout_gridville, overflow_temple_1_default,
          mainiacjoe_overflow_cross_hatched, okawaru_gym_becter, enter_bailey_4
D:8:      layout_layer_cave, lemuel_tele_altar, serial_shops, shop,
          enter_ossuary_2
D:9:      layout_loops_cross, lemuel_round_altar, kennysheep_mini_moat,
          lemuel_round_altar
D:10:     layout_cave_pools, marbit_many_paths,
          mainiacjoe_overflow_divided_tiny, lair_entry_dummy
D:11:     layout_stronghold
D:12:     layout_rooms, erik_orc_3, uniq_erolcha
Temple:   nicolae_temple_stand_before_the_council
Lair:1:   layout_concentric_octagons, hangedman_tree_tricks
Lair:2:   layout_hall_layers, nicolae_spider_entry_non_spiders,
          grunt_megastairs_2

Skill      XL: |  1  2  3  4  5  6  7  8  9 10 11 |
---------------+----------------------------------+-----
Conjurations   | 2 3 4 5 7 9 11 | 11.7
Air Magic      | 5 6 7 8 10 12 13 | 13.7
Spellcasting   | 3 4 5 6 7 |  7.7
Fighting       | 3 5 |  5.1
Dodging        | 4 6 |  6.1
Shields        | 2 4 |  4.5
Translocations | 4 |  4.1
Stealth        | |  2.0

Action                     |  1- 3 |  4- 6 |  7- 9 | 10-12 || total
---------------------------+-------+-------+-------+-------++-------
  Melee: Dagger            |     5 |       |     1 |       ||     6
         Peck              |     1 |       |       |       ||     1
         Kick              |       |       |     1 |     3 ||     4
         Whip              |       |       |     1 |       ||     1
         Spear             |       |       |       |     5 ||     5
   Cast: Shock             |    77 |    85 |   353 |   126 ||   641
         Static Discharge  |       |     5 |    20 |    84 ||   109
         Swiftness         |       |     1 |     1 |     3 ||     5
         Airstrike         |       |       |     9 |    64 ||    73
    Use: Potion            |       |       |     1 |     2 ||     3
         Scroll            |       |       |       |    10 ||    10
 Armour: Robe              |     7 |     1 |       |       ||     8
         Ring mail         |       |     2 |    42 |    56 ||   100
  Dodge: Dodged            |    12 |    18 |    71 |    61 ||   162
  Block: Kite shield       |       |       |       |    60 ||    60
